 Dungeon Crawl Stone Soup version 0.26-a0-389-g5bc9781 (webtiles) character file.

Game seed: 6230073117556900459

1579 Dysjunc the Cutter (level 8, -8/67 HPs)
             Began as a Gnoll Chaos Knight on July 21, 2020.
             Was a Plaything of Xom.
             Mangled by Prince Ribbit (13 damage)
             ... on level 6 of the Dungeon.
             The game lasted 00:26:44 (6070 turns).

Dysjunc the Cutter (Gnoll Chaos Knight)             Turns: 6070, Time: 00:26:45

Health: -8/67      AC: 16    Str: 14    XL:     8   Next: 91%
Magic:  13/13      EV:  6    Int: 16    God:    Xom [*.....]
Gold:   98         SH:  5    Dex: 16    Spells: 14/14 levels left

rFire    . . .     SeeInvis +   H - +0 war axe (freeze)
rCold    . . .     Faith    .   q - +0 buckler
rNeg     . . .     Spirit   .   w - +0 plate armour
rPois    .         Reflect  .   x - +1 hat
rElec    .         Harm     .   h - +0 cloak
rCorr    .                      g - +0 pair of gloves
MR       .....                  (no boots)
Stlth    ..........             (no amulet)
HPRegen  0.21/turn              c - ring of see invisible
MPRegen  0.13/turn              (no ring)

@: no status effects
A: distributed training, fangs 1, strong nose
a: Renounce Religion


You were on level 6 of the Dungeon.
You worshipped Xom.
You were a special plaything of Xom.
You visited 1 branch of the dungeon, and saw 6 of its levels.

You collected 397 gold pieces.
You spent 299 gold pieces at shops.

Inventory:

Hand Weapons
 a - a +0 short sword of chaos
 i - a +0 spear
 k - a +1 short sword of venom
 o - a +2 whip of freezing
 p - a +0 dagger of venom
 C - a +0 dagger
 E - a +0 vorpal falchion
 H - a +0 war axe of freezing (weapon)
Missiles
 f - 7 poisoned darts (quivered)
 u - 7 atropa-tipped darts
Armour
 b - a +2 leather armour
 g - a +0 pair of gloves (worn)
 h - a +0 cloak (worn)
 l - a +0 helmet
 q - a +0 buckler (worn)
 r - a +0 scale mail
 w - a +0 plate armour (worn)
 x - a +1 hat (worn)
 F - a +3 leather armour of magic resistance
Jewellery
 c - a ring of see invisible (left hand)
Wands
 v - a wand of disintegration (8)
 y - a wand of flame (15)
 A - a wand of paralysis (6)
 G - a wand of iceblast (6)
Scrolls
 d - 2 scrolls of teleportation
 e - 4 scrolls of remove curse
 j - 2 scrolls of enchant weapon {unknown}
 m - a scroll of magic mapping
 D - a scroll of enchant armour {unknown}
 I - a scroll of fog {unknown}
 J - a scroll of identify
Potions
 n - 2 potions of curing
 s - a potion of flight
 t - 2 potions of brilliance
 z - a potion of resistance {unknown}
 B - a potion of magic


   Skills:
 + Level 7.5 Fighting
 + Level 7.5 Short Blades
 + Level 3.6 Long Blades
 + Level 3.6 Axes
 + Level 3.6 Maces & Flails
 + Level 3.6 Polearms
 + Level 3.6 Staves
 + Level 3.6 Slings
 + Level 3.6 Bows
 + Level 3.6 Crossbows
 + Level 3.6 Throwing
 + Level 5.9 Armour
 + Level 4.5 Dodging
 + Level 3.6 Stealth
 + Level 3.6 Shields
 + Level 3.6 Unarmed Combat
 + Level 3.6 Spellcasting
 + Level 3.0 Conjurations
 + Level 3.0 Hexes
   Level 0.0 Charms
 + Level 3.0 Summonings
 + Level 3.0 Necromancy
 + Level 3.0 Translocations
 + Level 3.0 Transmutations
 + Level 3.0 Fire Magic
 + Level 3.0 Ice Magic
 + Level 3.0 Air Magic
 + Level 3.0 Earth Magic
 + Level 3.0 Poison Magic
 + Level 4.0 Invocations
 + Level 3.6 Evocations


You had 14 spell levels left.
You didn't know any spells.
Your spell library was empty.

Dungeon Overview and Level Annotations

Branches:
Dungeon (6/15)             Temple (0/1) D:6

Altars:
Ru
Vehumet

Shops:
D:4 *[[[*

Annotations:
D:6 Prince Ribbit


Innate Abilities, Weirdness & Mutations

Your experience applies equally to all skills.
You have very sharp teeth.
Your uncanny sense of smell can sniff out nearby items.


Message History

You block Prince Ribbit's attack. Prince Ribbit closely misses you.
Prince Ribbit hits you!
* * * LOW HITPOINT WARNING * * *
Okay, then.
That item cannot be evoked!
Evoke which item? (* to show all) (? for menu, Esc to quit)
Aiming: Paralyse
Press: ? - help, Shift-Dir - straight line, f - Prince Ribbit
Aim: Prince Ribbit (heavily wounded, unusually agile, chance to defeat MR: 38%) Prince Ribbit resists with some effort.
Prince Ribbit hits you.
* * * LOW HITPOINT WARNING * * *
You block Prince Ribbit's attack.
Evoke which item? (* to show all) (? for menu, Esc to quit)
Aiming: Paralyse
Press: ? - help, Shift-Dir - straight line, f/p - Prince Ribbit
Aim: Prince Ribbit (heavily wounded, unusually agile, chance to defeat MR: 38%) Prince Ribbit resists with some effort.
Prince Ribbit hits you!
You die...
Xom titters!

#.# #.# #.# # #.# #.# #.# #.# #.#
#.#### #.# #.# #..... ###
#.############.# ###### ..#
#.##...........# #.#
#.##.#########.### #.#
#...#F.##........# #.#
####.#@##.####.#.# ## #.##
########.#.#.......#.# #. ...##
#...#.........###..#.# #.
###.###.>.#.##...........#.# #. #
#.......#.####.#.####..#.# #†
###.##.#...........# #..#.# #.
...###...........######..#.#####.
#### ###.##..##..# #............
##.##...#..####.....#####..


You could see Prince Ribbit (agile).

Vanquished Creatures
  Eustachio (D:5)
  Menkaure (D:6)
  An ice beast (D:5)
  A phantom (D:5)
  A scorpion (D:5)
  A hound (D:6)
  An orc priest (D:5)
  8 orc wizards
  A centaur skeleton (D:4)
  An iguana (D:5)
  Ijyb (D:3)
  Natasha (thrice) (D:4)
  6 worker ants
  A hound zombie (D:5)
  A hound skeleton (D:5)
  4 adders
  3 worms
  25 orcs
  2 giant cockroaches
  9 hobgoblins
  A quokka (D:2)
  10 bats
  3 frilled lizards
  A giant cockroach zombie (D:5)
  16 goblins
  A jackal zombie (D:6)
  10 kobolds
  5 rats (D:1)
119 creatures vanquished.

Vanquished Creatures (collateral kills)
  Pikel (D:5)
  An ogre (D:5)
  An orc (D:5)
3 creatures vanquished.

Vanquished Creatures (others)
  Robin (D:2)
  3 goblins (D:2)
  2 hobgoblins (D:2)
6 creatures vanquished.

Grand Total: 128 creatures vanquished

Notes
Turn   | Place    | Note
-------+----------+-------------------------------------------
     0 | D:1      | Dysjunc the Gnoll Chaos Knight began the quest for the Orb.
     0 | D:1      | Reached XP level 1. HP: 23/23 MP: 1/1
   133 | D:1      | XOM: silly message
   161 | D:1      | Reached XP level 2. HP: 29/29 MP: 2/2
   220 | D:1      | XOM: cast spell 'Cause Fear'
  1032 | D:2      | Found a radiant altar of Vehumet.
  1046 | D:2      | Reached XP level 3. HP: 35/35 MP: 3/3
  1050 | D:2      | XOM: god gift: spear {god gift}
  1247 | D:2      | Found a sacrificial altar of Ru.
  1349 | D:2      | XOM: 3-stop teleportation journey
  1350 | D:2      | Noticed Robin
  1354 | D:2      | Reached skill level 1 in Invocations
  1355 | D:2      | XOM: cast spell 'Metabolic Englaciation'
  1370 | D:2      | Reached skill level 1 in Long Blades
  1370 | D:2      | Reached skill level 1 in Axes
  1370 | D:2      | Reached skill level 1 in Maces & Flails
  1370 | D:2      | Reached skill level 1 in Polearms
  1370 | D:2      | Reached skill level 1 in Staves
  1370 | D:2      | Reached skill level 1 in Slings
  1370 | D:2      | Reached skill level 1 in Bows
  1370 | D:2      | Reached skill level 1 in Crossbows
  1370 | D:2      | Reached skill level 1 in Throwing
  1370 | D:2      | Reached skill level 1 in Stealth
  1370 | D:2      | Reached skill level 1 in Shields
  1370 | D:2      | Reached skill level 1 in Unarmed Combat
  1370 | D:2      | Reached skill level 1 in Spellcasting
  1370 | D:2      | Reached skill level 1 in Evocations
  1375 | D:2      | Reached XP level 4. HP: 31/41 MP: 5/5
  1425 | D:2      | Killed Robin
  1492 | D:2      | XOM: divination: detect creatures
  1655 | D:2      | XOM: silly message
  1819 | D:2      | XOM: noise
  1827 | D:2      | XOM: enchant monster (bad)
  2107 | D:3      | XOM: 1-stop teleportation journey
  2115 | D:3      | Reached skill level 1 in Conjurations
  2115 | D:3      | Reached skill level 1 in Hexes
  2115 | D:3      | Reached skill level 1 in Summonings
  2115 | D:3      | Reached skill level 1 in Necromancy
  2115 | D:3      | Reached skill level 1 in Translocations
  2115 | D:3      | Reached skill level 1 in Transmutations
  2115 | D:3      | Reached skill level 1 in Fire Magic
  2115 | D:3      | Reached skill level 1 in Ice Magic
  2115 | D:3      | Reached skill level 1 in Air Magic
  2115 | D:3      | Reached skill level 1 in Earth Magic
  2115 | D:3      | Reached skill level 1 in Poison Magic
  2115 | D:3      | Reached XP level 5. HP: 45/47 MP: 6/6
  2254 | D:3      | XOM: noise
  2315 | D:3      | XOM: divination: magic mapping
  2358 | D:3      | XOM: god gift: scale mail {god gift}
  2469 | D:3      | Noticed Ijyb
  2480 | D:3      | Killed Ijyb
  2498 | D:3      | XOM: cloud trail
  2536 | D:3      | XOM: god gift: plate armour {god gift}
  2620 | D:3      | Reached XP level 6. HP: 53/53 MP: 8/8
  2653 | D:3      | XOM: silly message
  2932 | D:4      | Found Zosenlui's Assorted Antiques.
  2946 | D:4      | Bought a gold wand for 92 gold pieces
  2946 | D:4      | Bought a copper wand for 92 gold pieces
  2946 | D:4      | Bought a green potion for 20 gold pieces
  2946 | D:4      | Bought a dagger for 46 gold pieces
  2976 | D:4      | Found Ylytiff's Armour Boutique.
  2983 | D:4      | Found Nek Obb's Armour Emporium.
  3008 | D:4      | XOM: confusion
  3010 | D:4      | Noticed Natasha
  3013 | D:4      | XOM: blink monster(s)
  3031 | D:4      | Killed Natasha
  3032 | D:4      | Reached skill level 5 in Armour
  3075 | D:4      | Noticed Natasha
  3076 | D:4      | XOM: scenery: 1 doors close
  3086 | D:3      | XOM: summons 4 hostile demons
  3380 | D:4      | Killed Natasha
  3413 | D:4      | Noticed Natasha
  3423 | D:4      | Killed Natasha
  3521 | D:4      | Found Yqoh's Assorted Antiques.
  3558 | D:4      | Found Noicox's Antique Armour Emporium.
  3581 | D:4      | Bought a +0 buckler for 49 gold pieces
  3827 | D:5      | Entered Level 5 of the Dungeon
  3859 | D:5      | XOM: 1-stop teleportation journey
  3866 | D:5      | Reached XP level 7. HP: 59/59 MP: 10/10
  3870 | D:5      | Noticed Pikel
  3874 | D:5      | XOM: 1-stop teleportation journey
  3914 | D:5      | XOM: noise
  3925 | D:5      | XOM: enchant monster (good)
  4112 | D:5      | Killed Pikel
  4112 | D:5      | Reached XP level 8. HP: 43/67 MP: 10/12
  4592 | D:5      | Noticed Eustachio
  4594 | D:5      | XOM: enchant monster (good)
  4639 | D:5      | Killed Eustachio
  4739 | D:5      | XOM: divination: detect items
  5110 | D:5      | XOM: silly message
  5220 | D:6      | XOM: silly message
  5246 | D:6      | XOM: cloud trail
  5266 | D:6      | Noticed Menkaure
  5273 | D:6      | Killed Menkaure
  5408 | D:6      | XOM: 2-stop teleportation journey
  5735 | D:6      | Found a staircase to the Ecumenical Temple.
  6006 | D:6      | Noticed Prince Ribbit
  6038 | D:6      | XOM: confusion
  6050 | D:6      | XOM: enchant monster (bad)
  6070 | D:6      | Mangled by Prince Ribbit

Illustrated notes

Levels and vault maps discovered:
D:1:      evilmike_arrival_hilbert_curve, layout_basic
D:2:      layout_rooms, fiery_altar_vehumet, nicolae_ru_the_path_less_chosen,
          uniq_robin
D:3:      layout_rooms, grunt_ministairs_13, uniq_ijyb
D:4:      layout_cave_pools, serial_shops, kennysheep_little_box, shop, shop,
          shop, shop, uniq_natasha
D:5:      layout_basic, minmay_misc_feat_more_columns, uniq_pikel,
          uniq_eustachio
D:6:      layout_loops_ring, minitemple, minmay_temple_entry_butterflies,
          uniq_sigmund, uniq_menkaure, uniq_prince_ribbit1

Skill      XL: |  1  2  3  4  5  6  7  8 |
---------------+-------------------------+-----
Invocations    | 1 2 3 4 |  4.0
Long Blades    | 1 2 3 |  3.6
Axes           | 1 2 3 |  3.6
Maces & Flails | 1 2 3 |  3.6
Polearms       | 1 2 3 |  3.6
Staves         | 1 2 3 |  3.6
Slings         | 1 2 3 |  3.6
Bows           | 1 2 3 |  3.6
Crossbows      | 1 2 3 |  3.6
Throwing       | 1 2 3 |  3.6
Stealth        | 1 2 3 |  3.6
Shields        | 1 2 3 |  3.6
Unarmed Combat | 1 2 3 |  3.6
Spellcasting   | 1 2 3 |  3.6
Evocations     | 1 2 3 |  3.6
Conjurations   | 1 2 3 |  3.0
Hexes          | 1 2 3 |  3.0
Summonings     | 1 2 3 |  3.0
Necromancy     | 1 2 3 |  3.0
Translocations | 1 2 3 |  3.0
Transmutations | 1 2 3 |  3.0
Fire Magic     | 1 2 3 |  3.0
Ice Magic      | 1 2 3 |  3.0
Air Magic      | 1 2 3 |  3.0
Earth Magic    | 1 2 3 |  3.0
Poison Magic   | 1 2 3 |  3.0
Dodging        | 3 4 |  4.5
Armour         | 5 |  5.9
Fighting       | 7 |  7.5
Short Blades   | 7 |  7.5

Action                   |  1- 3 |  4- 6 |  7- 9 || total
-------------------------+-------+-------+-------++-------
Melee: Short sword       |   110 |   224 |   157 ||   491
       Bite              |    14 |    15 |    37 ||    66
       Punch             |       |     2 |       ||     2
       War axe           |       |       |    66 ||    66
Evoke: Wand              |       |     8 |     5 ||    13
  Use: Scroll            |     1 |     8 |       ||     9
       Potion            |       |     6 |     5 ||    11
 Stab: Sleeping          |     1 |       |       ||     1
       Paralysed         |       |     1 |     2 ||     3
       Petrified         |       |       |     2 ||     2
Armor: Leather armour    |    31 |    30 |       ||    61
       Scale mail        |       |    30 |       ||    30
       Plate armour      |       |    87 |   100 ||   187
Dodge: Dodged            |    73 |   119 |    31 ||   223
Block: Buckler           |       |     1 |    35 ||    36

Table legend: (Time is in decaauts)
 A = Elapsed time spent in this place.
 B = Non-inter-level travel time spent in this place.
 C = Inter-level travel time spent in this place.
 D = Time resting spent in this place.
 E = Time spent auto-exploring this place.
 F = Levels seen in this place.
 G = Mean time per level.
                   A        B        C        D        E       F      G
               +--------+--------+--------+--------+--------+-----+--------+
         Total |   5965 |   5840 |    125 |   1769 |   2587 |   6 |  994.2 |
       Dungeon |   5965 |   5840 |    125 |   1769 |   2587 |   6 |  994.2 |
               +--------+--------+--------+--------+--------+-----+--------+
Top levels by time: D:6: 1194 daAuts D:1: 1143 daAuts D:3: 1106 daAuts D:5: 1030 daAuts D:2: 883 daAuts D:4: 607 daAuts
